 Dungeon Crawl Stone Soup version 0.21-a0-504-g2eda330 (webtiles) character file.

697 sagitran the Covert (level 7, -4/47 HPs)
             Began as an Octopode Assassin on Nov 25, 2017.
             Was an Initiate of Wu Jian.
             Killed from afar by Dowan (20 damage)
             ... with a shard of ice
             ... on level 5 of the Dungeon.
             The game lasted 00:24:27 (5351 turns).

sagitran the Covert (Octopode Assassin)             Turns: 5351, Time: 00:24:28

Health: -4/47      AC:  1    Str: 12    XL:     7   Next: 65%
Magic:  0/7        EV: 13    Int: 13    God:    Wu Jian [......]
Gold:   232        SH:  3    Dex: 14    Spells: 6/6 levels left

rFire    + . .     SeeInvis .   t - +1 war axe (chop)
rCold    . . .     Gourm    .   v - +0 buckler
rNeg     . . .     Faith    .   (helmet restricted)
rPois    .         Spirit   +   g - amulet of guardian spirit
rElec    .         Reflect  .   h - ring of protection from fire
rCorr    .         Harm     .   (no ring)
MR       .....                  (no ring)
Stlth    +++++.....             (no ring)
HPRegen  0.15/turn              (no ring)
MPRegen  0.10/turn              (no ring)
                                (no ring)
                                (no ring)

@: no status effects
A: almost no armour, stealthy swim, amphibious, 8 rings, constrict 8, camouflage
1, gelatinous body 1
a: Renounce Religion


You were on level 5 of the Dungeon.
You worshipped Wu Jian.
Wu Jian was noncommittal.
You were not hungry.

You visited 2 branches of the dungeon, and saw 8 of its levels.

You collected 232 gold pieces.

Inventory:

Hand Weapons
 a - a +2 dagger
 b - a +0 blowgun
 n - a +2 mace of holy wrath
 t - a +1 war axe of chopping (weapon)
Missiles
 c - 46 poisoned needles
 q - a curare-tipped needle
Armour
 v - a +0 buckler (worn)
Magical Staves
 d - an uncursed staff of wizardry
Jewellery
 g - an amulet of guardian spirit (around mantle)
 h - a ring of protection from fire (left tentacle)
Wands
 l - a wand of disintegration (3)
Scrolls
 e - 4 scrolls of identify {unknown}
 i - 4 scrolls of remove curse
 j - 2 scrolls of teleportation
 m - a scroll of amnesia {unknown}
 r - a scroll of magic mapping {unknown}
 u - a scroll of enchant weapon {unknown}
Potions
 p - 2 potions of flight
 s - a potion of heal wounds
Comestibles
 f - a bread ration
 k - 2 meat rations
 o - 3 chunks of flesh


   Skills:
 + Level 3.8 Fighting
 + Level 2.5 Short Blades
 + Level 2.8(3.3) Axes
 + Level 2.5(3.2) Maces & Flails
 + Level 3.1 Throwing
 + Level 2.7 Dodging
 + Level 8.3 Stealth
 + Level 0.3 Shields


You had 6 spell levels left.
You didn't know any spells.

Dungeon Overview and Level Annotations

Branches:
Dungeon (7/15)             Temple (1/1) D:4

Altars:
Ashenzari
Cheibriados
Dithmenos
Elyvilon
Fedhas
Hepliaklqana
Kikubaaqudgha
Nemelex Xobeh
Okawaru
Qazlal
Trog
Uskayaw
Vehumet
Wu Jian
Xom
Yredelemnul
The Shining One

Annotations:
D:5 Dowan


Innate Abilities, Weirdness & Mutations

You cannot wear most types of armour.
You are very stealthy in the water. (Stealth+)
You are amphibious.
You can wear up to eight rings at the same time.
You can use your tentacles to constrict eight enemies at once.
Your skin changes colour to match your surroundings (Stealth+).
Your rubbery body absorbs attacks. (AC +1, EV +1)


Message History

Dowan struggles to resist.
Dowan hits you with a dagger.
Evoke which item? (* to show all) (? for menu, Esc to quit)
Aiming: Disintegrate
Press: ? - help, Shift-Dir - straight line, f/p - Dowan
Aim: Dowan, wielding a dagger and wearing a robe (fast, chance to defeat MR: 65%) Dowan is blasted.
Dowan misses you. Dowan hits you but does no damage.
Some of the chunks of flesh in your inventory have rotted away.
Evoke which item? (* to show all) (? for menu, Esc to quit)
Aiming: Disintegrate
Press: ? - help, Shift-Dir - straight line, f/p - Dowan
Aim: Dowan, wielding a dagger and wearing a robe (moderately wounded, fast, chance to defeat MR: 65%) Dowan struggles to resist.
Dowan hits you with a dagger.
Evoke which item? (* to show all) (? for menu, Esc to quit)
Aiming: Disintegrate
Press: ? - help, Shift-Dir - straight line, f/p - Dowan
Aim: Dowan, wielding a dagger and wearing a robe (moderately wounded, fast, chance to defeat MR: 65%) Dowan is blasted.
Dowan points at you and mumbles some strange words.
The shard of ice hits you!
You die...

#....... ##.#####
#......
########.#####
#.....##.#
#####.....##.#####
#...........>....#
#.###.....#...##..
#@# #.............
#e# #######...####
... ##.## ##.##
#.# #.# #.# #.#
#+# #.. ##.


You could see Dowan.

Vanquished Creatures
  Duvessa (D:5)
  A phantom (D:4)
  A scorpion (D:5)
  A bullfrog skeleton (D:4)
  An orc priest (D:3)
  An orc wizard (D:5)
  Ijyb (D:5)
  Natasha (twice) (D:2)
  2 worker ants
  A howler monkey skeleton (D:4)
  12 adders
  5 oozes
  A worm (D:3)
  5 dart slugs
  2 leopard geckos
  14 orcs
  2 ball pythons (D:1)
  2 giant cockroaches
  12 goblins
  4 hobgoblins
  10 jackals
  3 quokkas
  6 bats
  7 frilled lizards
  8 kobolds
  A quokka skeleton (D:5)
  4 rats
110 creatures vanquished.

Notes
Turn   | Place    | Note
-------+----------+-------------------------------------------
     0 | D:1      | sagitran the Octopode Assassin began the quest for the Orb.
     0 | D:1      | Reached XP level 1. HP: 14/14 MP: 1/1
   215 | D:1      | Reached XP level 2. HP: 18/19 MP: 2/2
   267 | D:1      | Reached skill level 6 in Stealth
   499 | D:1      | Reached XP level 3. HP: 7/24 MP: 3/3
  1560 | D:2      | Reached XP level 4. HP: 29/29 MP: 4/4
  1646 | D:2      | Noticed Natasha
  1652 | D:2      | Killed Natasha
  1652 | D:2      | Reached skill level 1 in Maces & Flails
  1919 | D:2      | Reached XP level 5. HP: 27/35 MP: 3/5
  2104 | D:2      | Noticed Natasha
  2154 | D:2      | Killed Natasha
  2154 | D:2      | Reached skill level 7 in Stealth
  3009 | D:3      | Reached XP level 6. HP: 33/42 MP: 4/6
  3476 | D:3      | Found a hide-covered altar of Uskayaw.
  4096 | D:4      | Noticed a phantom
  4135 | D:4      | HP: 2/42 [phantom (6)]
  4167 | D:4      | Killed a phantom
  4167 | D:4      | Reached skill level 1 in Axes
  4292 | D:4      | Reached skill level 8 in Stealth
  4292 | D:4      | Reached XP level 7. HP: 38/46 MP: 7/7
  4458 | D:4      | Found a staircase to the Ecumenical Temple.
  4572 | Temple   | Entered the Ecumenical Temple
  4768 | Temple   | Became a worshipper of the Wu Jian Council
  4891 | D:5      | Entered Level 5 of the Dungeon
  5336 | D:5      | Noticed Ijyb
  5336 | D:5      | Noticed Duvessa
  5339 | D:5      | Noticed Dowan
  5341 | D:5      | Killed Ijyb
  5345 | D:5      | Killed Duvessa
  5351 | D:5      | Killed from afar by Dowan

Vault maps used:
D:1:      lightli_arrival_boilingwater
D:2:      minmay_split_cup_large, uniq_natasha
D:3:      overflow_temple_1_default
D:4:      minmay_temple_entry_large_hall, first_bread, lemuel_another_geyser
D:5:      uniq_ijyb, uniq_duvessa
D:6:      lemuel_doored_altar
D:7:      serial_shops, nicolae_shop_behind_doors
Temple:   regret_index_temple_sphere_string

Skill      XL: |  1  2  3  4  5  6  7 |
---------------+----------------------+-----
Stealth        | 6 7 8 |  8.3
Maces & Flails | 1 2 |  2.5
Dodging        | 2 |  2.7
Fighting       | 3 |  3.8
Axes           | 1 2 |  2.8
Throwing       | 3 |  3.1
Short Blades   | |  2.5
Shields        | |  0.3

Action                   |  1- 3 |  4- 6 |  7- 9 || total
-------------------------+-------+-------+-------++-------
Melee: Dagger            |    18 |    18 |       ||    36
       Club              |    32 |       |       ||    32
       Constrict         |    19 |    21 |    10 ||    50
       Tentacles         |    13 |    18 |     5 ||    36
       Mace              |     8 |    66 |     1 ||    75
       War axe           |       |    43 |    45 ||    88
 Fire: Blowgun           |    20 |    40 |     1 ||    61
Evoke: Wand              |       |       |     4 ||     4
  Use: Scroll            |     1 |     3 |       ||     4
       Potion            |       |     4 |     1 ||     5
 Stab: Sleeping          |     6 |    13 |     4 ||    23
       Distracted        |       |     1 |       ||     1
  Eat: Chunk             |     2 |     8 |       ||    10
       Royal jelly       |       |     1 |       ||     1
       Bread ration      |       |       |     1 ||     1
Armor: Skin              |     3 |    16 |    12 ||    31
Dodge: Dodged            |    31 |    94 |    34 ||   159
Block: Buckler           |       |     3 |    11 ||    14

Table legend:
 A = Spawn XP
 B = Non-spawn XP
 C = Spawn XP percentage of total XP
 D = Spawn monster count
 E = Non-spawn monster count
 F = Spawn count percentage of total count
 G = Total turns spent on level
                    A         B        C        D         E        F      G
               +---------+---------+-------+---------+---------+-------+---------
         Total |       0 |     996 |   0.0 |       0 |     110 |   0.0 |  5351
               +---------+---------+-------+---------+---------+-------+---------
           D:1 |       0 |      62 |   0.0 |       0 |      28 |   0.0 |  1374
           D:2 |       0 |     171 |   0.0 |       0 |      24 |   0.0 |  1156
           D:3 |       0 |     210 |   0.0 |       0 |      32 |   0.0 |  1413
           D:4 |       0 |     246 |   0.0 |       0 |      12 |   0.0 |   723
           D:5 |       0 |     307 |   0.0 |       0 |      14 |   0.0 |   452
               +---------+---------+-------+---------+---------+-------+---------
